[Event "Titled Tuesday Blitz May 25 2021"]
[White "Niraj, Saripalli"]
[Black "Wagh Suyog"]
[WhiteFideId "5045657"]
[BlackFideId "25071688"]
[WhiteElo "2113"]
[BlackElo "2219"]
[Result "1-0"]
[Round "10"]
[TimeControl "180+1"]
[Date "2021.05.25"]
[WhiteClock "0:00:27"]
[BlackClock "0:01:47"]

1. d4 b6 2. e4 g6 3. Nc3 Bg7 4. Be3 Bb7 5. Nf3 e6 6. Qd2 d6 7. h4 h6 8. O-O-O a6 9. d5 e5 10. g4 Nd7 11. Kb1 Ne7 12. Bh3 b5 13. a3 Nb6 14. b3 Bc8 15. Ne1 Bd7 16. Nd3 Qc8 17. f4 exf4 18. Nxf4 a5 19. Bd4 O-O 20. Bxg7 Kxg7 21. Qd4+ Kh7 22. g5 h5 23. Nxb5 a4 24. b4 Bxh3 25. Rxh3 Nd7 26. Rc3 Qb7 27. Rxc7 Qxb5 28. c4 Qb8 29. Rxd7 Qe8 30. Rxd6 Rc8 31. Nxh5 Ng8 32. Qg7# 1-0


[Site "https://www.chess.com"]

[Event "Titled Tuesday Blitz May 25 2021"]
[White "Nitish Belurkar"]
[Black "Kazakouski, Valery"]
[WhiteFideId "5084768"]
[BlackFideId "13507443"]
[WhiteElo "2306"]
[BlackElo "2546"]
[Result "0-1"]
[Round "10"]
[TimeControl "180+1"]
[Date "2021.05.25"]
[WhiteClock "0:00:13"]
[BlackClock "0:00:43"]

1. d4 Nf6 2. Nf3 e6 3. Nbd2 c5 4. c3 cxd4 5. cxd4 d5 6. e3 Bd6 7. Bd3 b6 8. O-O O-O 9. a3 Ba6 10. Bxa6 Nxa6 11. b4 Nb8 12. Bb2 Nc6 13. Rc1 Rc8 14. Qe2 Qe7 15. Rc2 Qb7 16. Rfc1 Ne7 17. g3 Rxc2 18. Rxc2 Rc8 19. Qd1 h5 20. Qc1 Rxc2 21. Qxc2 Qc7 22. Qxc7 Bxc7 23. Kf1 Ne8 24. Ke2 Nd6 25. Kd3 f6 26. Ng1 a6 27. Ne2 Kf7 28. a4 b5 29. a5 Nc4 30. Bc3 Nxd2 31. Bxd2 Nf5 32. Nc1 g5 33. Nb3 Bd6 34. f3 g4 35. e4 Ne7 36. e5 fxe5 37. dxe5 Bxe5 38. fxg4 hxg4 39. Nc5 Nc6 40. Nxa6 Bd6 41. Nc5 Bxc5 42. bxc5 e5 43. a6 Ke6 44. Ba5 b4 45. Ke3 d4+ 46. Kd2 b3 47. Bb6 e4 48. a7 e3+ 49. Kd3 Nxa7 50. Bxa7 b2 51. Kc2 e2 52. Kxb2 e1=Q 0-1


[Site "https://www.chess.com"]

[Event "Titled Tuesday Blitz May 25 2021"]
[White "Noboa Silva, Kevin"]
[Black "elohunter1999"]
[WhiteFideId "3618471"]
[WhiteElo "2161"]
[BlackElo "2559"]
[Result "0-1"]
[Round "10"]
[TimeControl "180+1"]
[Date "2021.05.25"]
[WhiteClock "0:00:04"]
[BlackClock "0:00:12"]

1. d4 Nf6 2. c4 c5 3. d5 g6 4. Nc3 Bg7 5. e4 d6 6. h3 O-O 7. Bd3 e6 8. Bg5 a6 9. a4 exd5 10. cxd5 Re8 11. Nf3 Nbd7 12. O-O Qb6 13. Qd2 h6 14. Bxh6 Bxh6 15. Qxh6 Qxb2 16. Rfc1 Ne5 17. Nxe5 Rxe5 18. a5 Bd7 19. Rab1 Qa3 20. Rxb7 Qxa5 21. Qf4 Kg7 22. g4 Qd8 23. Rcb1 a5 24. Bb5 Bxb5 25. R1xb5 g5 26. Qe3 a4 27. f4 gxf4 28. Qxf4 a3 29. Na2 Qe8 30. g5 Nxe4 31. h4 Nxg5 32. hxg5 Re1+ 33. Kg2 Qe2+ 34. Qf2 Qe4+ 35. Kg3 Re3+ 36. Kh2 Rh8+ 37. Kg1 Rh1# 0-1


[Site "https://www.chess.com"]

[Event "Titled Tuesday Blitz May 25 2021"]
[White "Ozen, Bahadir"]
[Black "Fernandez, Daniel Howard"]
[WhiteFideId "6337058"]
[BlackFideId "5801605"]
[WhiteElo "2503"]
[BlackElo "2468"]
[Result "1-0"]
[Round "10"]
[TimeControl "180+1"]
[Date "2021.05.25"]
[WhiteClock "0:01:39"]
[BlackClock "0:01:44"]

1. d4 Nf6 2. Nf3 d5 3. c4 e6 4. e3 c5 5. cxd5 exd5 6. Bb5+ Nc6 7. O-O cxd4 8. exd4 Be7 9. Nc3 O-O 10. h3 Bf5 11. Re1 Bb4 12. Bg5 h6 13. Bxf6 Qxf6 14. Nxd5 Qd6 15. Bxc6 Bxe1 16. Qxe1 bxc6 17. Ne7+ Kh7 18. Nxf5 Qd5 19. Ne3 Qb5 20. Qc3 Rab8 21. b3 a5 22. Rc1 a4 23. Qc2+ Kg8 24. bxa4 Qb4 25. Qxc6 Ra8 26. Rc4 Qb1+ 27. Kh2 Qxa2 28. Kg3 f5 29. Nxf5 Ra5 30. Ne7+ Kh7 31. Qe4+ 1-0


[Site "https://www.chess.com"]

[Event "Titled Tuesday Blitz May 25 2021"]
[White "Ozkan, Ervin"]
[Black "Samsonkin, Artiom"]
[WhiteFideId "6306004"]
[BlackFideId "13503111"]
[WhiteElo "2226"]
[BlackElo "2513"]
[Result "1-0"]
[Round "10"]
[TimeControl "180+1"]
[Date "2021.05.25"]
[WhiteClock "0:00:10"]
[BlackClock "0:00:10"]

1. d4 Nf6 2. Nf3 e6 3. Bf4 b6 4. e3 Bb7 5. Nbd2 g6 6. Bd3 Bg7 7. O-O d6 8. e4 h6 9. h3 Nbd7 10. a4 a6 11. Re1 O-O 12. Qe2 Qe7 13. c3 e5 14. Bh2 Nh5 15. Qe3 Rfe8 16. g4 Nhf6 17. d5 h5 18. g5 Nh7 19. b4 f6 20. gxf6 Qxf6 21. Kh1 Kh8 22. Rg1 Rg8 23. Bg3 Raf8 24. Bh4 Qf7 25. Rg2 Bf6 26. Rag1 Bc8 27. Qh6 Qg7 28. Rxg6 Qxh6 29. Rxh6 Rxg1+ 30. Kxg1 Kg7 31. Rxh5 Kg6 32. Rf5 Nb8 33. Bxf6 Bxf5 34. Be7 Rg8 35. Kh2 Kf7 36. Bh4 Bg6 37. Bg3 Nd7 38. Bxa6 Ndf6 39. Bd3 Nxd5 40. Bxe5 dxe5 41. Nxe5+ Kf6 42. Nxg6 Nxb4 43. cxb4 Rxg6 44. e5+ Kf7 45. Bxg6+ Kxg6 46. a5 bxa5 47. bxa5 Nf8 48. a6 Nd7 49. Nc4 Kf5 50. a7 Nb6 51. Nxb6 cxb6 52. a8=Q Kxe5 53. Qc6 1-0


[Site "https://www.chess.com"]

[Event "Titled Tuesday Blitz May 25 2021"]
[White "Pastar, Slaven"]
[Black "Shapiro, Daniel"]
[WhiteFideId "14402718"]
[BlackFideId "2001780"]
[WhiteElo "2227"]
[BlackElo "2319"]
[Result "1-0"]
[Round "10"]
[TimeControl "180+1"]
[Date "2021.05.25"]
[WhiteClock "0:00:15"]
[BlackClock "0:00:15"]

1. b4 e5 2. Bb2 Bxb4 3. Bxe5 Nf6 4. Nf3 d5 5. e3 O-O 6. c4 Be6 7. Qc2 Bd6 8. Bb2 h6 9. c5 Be7 10. Be2 b6 11. c6 Ne4 12. O-O Qe8 13. Rc1 a5 14. a4 Na6 15. Bxa6 Rxa6 16. Be5 Bf6 17. Nc3 Qxc6 18. Nxe4 Qxc2 19. Nxf6+ gxf6 20. Rxc2 fxe5 21. Rxc7 f6 22. Rac1 Rf7 23. d4 e4 24. Nh4 Bd7 25. Ra1 Bg4 26. Rc6 Bd7 27. Rd6 Kf8 28. Rxd5 Be8 29. Ng6+ Kg7 30. Nf4 Rc7 31. Ne6+ 1-0


[Site "https://www.chess.com"]

[Event "Titled Tuesday Blitz May 25 2021"]
[White "Perez Gormaz, Matias"]
[Black "Timmermans, Mark"]
[WhiteFideId "3406342"]
[BlackFideId "1026399"]
[WhiteElo "2414"]
[BlackElo "2460"]
[Result "1-0"]
[Round "10"]
[TimeControl "180+1"]
[Date "2021.05.25"]
[WhiteClock "0:00:34"]
[BlackClock "0:00:59"]

1. e4 e5 2. Nf3 Nc6 3. Bc4 Nf6 4. d3 Be7 5. O-O O-O 6. Re1 d6 7. a4 Kh8 8. c3 Ng8 9. a5 a6 10. Nbd2 f5 11. Nf1 fxe4 12. dxe4 Bg4 13. N1d2 Bg5 14. Be2 Bxd2 15. Bxd2 Nf6 16. h3 Bh5 17. Bg5 Qe8 18. Nd2 Bxe2 19. Qxe2 Qg6 20. Bxf6 Rxf6 21. Qg4 Qf7 22. f3 Rf8 23. Kh1 Rg6 24. Qh4 Nd8 25. Nf1 Ne6 26. Ne3 Nf4 27. Rad1 Qe6 28. Rd2 Rh6 29. Qg4 Qf7 30. Qg3 Rg6 31. Qh2 Rg5 32. Nd5 Nxh3 33. gxh3 Qf4 34. Nxf4 1-0


[Site "https://www.chess.com"]

[Event "Titled Tuesday Blitz May 25 2021"]
[White "Petriashvili, Nikoloz"]
[Black "Bok, Benjamin"]
[WhiteFideId "13611216"]
[BlackFideId "1017063"]
[WhiteElo "2430"]
[BlackElo "2674"]
[Result "1-0"]
[Round "10"]
[TimeControl "180+1"]
[Date "2021.05.25"]
[WhiteClock "0:01:19"]
[BlackClock "0:00:02"]

1. d4 Nf6 2. c4 e6 3. Nf3 d5 4. g3 Bb4+ 5. Bd2 Be7 6. Qc2 O-O 7. Bg2 c6 8. O-O Nbd7 9. Rd1 b6 10. Bf4 Bb7 11. Ne5 Nh5 12. Bc1 Nhf6 13. Bf4 Nh5 14. Bc1 Nhf6 15. Nxd7 Qxd7 16. Bg5 Rfd8 17. e3 dxc4 18. Qxc4 c5 19. Bxf6 Bxf6 20. Nc3 Bxg2 21. Kxg2 cxd4 22. exd4 Bxd4 23. Kg1 Rac8 24. Qb3 e5 25. Ne2 Qf5 26. Nxd4 exd4 27. Rd2 h5 28. h4 g5 29. hxg5 Qxg5 30. Rad1 Qg4 31. Qa4 h4 32. Rxd4 Rxd4 33. Qxd4 Qxd4 34. Rxd4 hxg3 35. Rg4+ Kh7 36. Rxg3 Rc2 37. Rb3 Kg6 38. Kg2 f5 39. Rb5 Kg5 40. Kg3 Rc1 41. a4 Rg1+ 42. Kf3 Ra1 43. b3 Rc1 44. Ke2 Rc2+ 45. Ke3 Ra2 46. Rd5 Rb2 47. Rd3 Kg4 48. Rd4+ Kg5 49. Rb4 Rb1 50. Kf3 Ra1 51. Rd4 Rc1 52. Rd3 Rc2 53. Ke3 Rb2 54. Kf3 Rb1 55. Kg3 Rb2 56. f4+ Kf6 57. Re3 a6 58. Kf3 b5 59. axb5 axb5 60. Rc3 b4 61. Rd3 Ke6 62. Ke3 Rb1 63. Kf2 Rc1 64. Ke2 Rb1 65. Kd2 Rf1 66. Rd4 Rf2+ 67. Kd3 Rf3+ 68. Kc4 Rh3 69. Kxb4 Rh8 70. Kc3 Rc8+ 71. Kb2 Rb8 72. b4 Rb7 73. Kb3 Rb8 74. Kc4 Rc8+ 75. Kb5 Rb8+ 76. Ka6 Ra8+ 77. Kb7 Ra4 78. Kc6 Ke7 79. Kc5 Ke6 80. b5 Ra1 81. b6 Rc1+ 82. Kb5 Rb1+ 83. Rb4 Rd1 84. b7 1-0


[Site "https://www.chess.com"]

[Event "Titled Tuesday Blitz May 25 2021"]
[White "Petukhov, Dmitry"]
[Black "Villegas, Pierre"]
[WhiteFideId "4142748"]
[BlackFideId "654183"]
[WhiteElo "2356"]
[BlackElo "2411"]
[Result "1-0"]
[Round "10"]
[TimeControl "180+1"]
[Date "2021.05.25"]
[WhiteClock "0:02:06"]
[BlackClock "0:01:59"]

1. e4 c6 2. d4 d5 3. Nd2 dxe4 4. Nxe4 Nf6 5. Nxf6+ exf6 6. c3 Bd6 7. Bd3 O-O 8. Qh5 Re8+ 9. Ne2 g6 10. Qh4 Nd7 11. O-O Nf8 12. Re1 Bd7 13. Bf4 Bxf4 14. Nxf4 Ne6 15. h3 f5 16. Qg3 Qc7 17. Nh5 Qf4 1-0


[Site "https://www.chess.com"]

[Event "Titled Tuesday Blitz May 25 2021"]
[White "Pridorozhni, Aleksei"]
[Black "Urazayev, Arystanbek"]
[WhiteFideId "4127870"]
[BlackFideId "13709810"]
[WhiteElo "2565"]
[BlackElo "2321"]
[Result "1-0"]
[Round "10"]
[TimeControl "180+1"]
[Date "2021.05.25"]
[WhiteClock "0:00:10"]
[BlackClock "0:00:05"]

1. e4 c5 2. Nc3 e6 3. Nf3 a6 4. g4 b5 5. d3 Bb7 6. Bg2 d5 7. exd5 exd5 8. d4 Nf6 9. g5 Ne4 10. O-O Be7 11. dxc5 Nxc3 12. bxc3 O-O 13. h4 Bxc5 14. Nd4 Nd7 15. Re1 Re8 16. Bf4 Nf8 17. Qg4 Qb6 18. Bg3 b4 19. h5 bxc3 20. Nf5 Qb4 21. Qxb4 Bxb4 22. Reb1 Bc8 23. Nxg7 Kxg7 24. Rxb4 Bf5 25. Bxd5 Rad8 26. Bb3 Ne6 27. Be5+ Kg8 28. Bf6 Rc8 29. Rb7 Bg4 30. h6 Bh5 31. Ra7 Nc5 32. Rc1 Ne4 33. Rxa6 Rc5 34. f4 Rf5 35. Rf1 Nd2 36. Rf2 Nf3+ 37. Kg2 Rxf4 38. Ra7 Rg4+ 39. Kh3 Rh4+ 40. Kg3 Rg4+ 41. Kh3 Nxg5+ 42. Bxg5 Rxg5 43. Rg2 Rxg2 44. Kxg2 Kf8 45. Rc7 Re3 46. a4 Bg6 47. Kf1 Rh3 48. a5 Rh1+ 49. Kf2 Ra1 50. Ra7 Bxc2 51. Bxc2 Ra2 52. Ke3 Rxc2 53. Kd3 Rh2 54. Ra8+ Ke7 55. Kxc3 Rxh6 56. Kb4 Rh1 57. Rh8 Rb1+ 58. Kc5 Ra1 59. Kb6 Kf6 60. a6 Kg5 61. a7 f5 62. a8=Q Rxa8 63. Rxa8 f4 64. Kc5 f3 65. Kd4 Kf4 66. Rf8+ Kg3 67. Ke3 1-0


[Site "https://www.chess.com"]

[Event "Titled Tuesday Blitz May 25 2021"]
[White "Provotorov, Ivan"]
[Black "Nazaretyan, Tigran"]
[WhiteFideId "4154657"]
[BlackFideId "24162345"]
[WhiteElo "2244"]
[BlackElo "2247"]
[Result "1-0"]
[Round "10"]
[TimeControl "180+1"]
[Date "2021.05.25"]
[WhiteClock "0:00:08"]
[BlackClock "0:00:10"]

1. c4 Nf6 2. Nc3 g6 3. e4 d6 4. d4 Bg7 5. f3 O-O 6. Bg5 c5 7. d5 e6 8. Qd2 h6 9. Be3 exd5 10. cxd5 a6 11. a4 Nbd7 12. Nge2 Ne5 13. Ng3 h5 14. Bg5 Qa5 15. Be2 Nh7 16. Bh6 h4 17. Bxg7 Kxg7 18. Nf1 b5 19. Ne3 c4 20. f4 Nd7 21. O-O Nc5 22. axb5 Nb3 23. Rxa5 Nxd2 24. Rd1 Nb3 25. Ra3 Nf6 26. Bxc4 Nc5 27. e5 Ng4 28. Nxg4 Bxg4 29. Rda1 dxe5 30. fxe5 Rfe8 31. b4 Nd7 32. bxa6 Nxe5 33. Bf1 Reb8 34. Nb5 Bd7 35. Ra5 f5 36. Rc1 Kf6 37. Rc7 Rb6 38. a7 f4 39. Rc5 Rb7 40. Rc7 Rb6 41. Nc3 Rxb4 42. d6 Ke6 43. Rcc5 Kxd6 44. Rxe5 Bc6 45. Rg5 Rb3 46. Rxg6+ Kc7 47. Rc5 Rb6 48. Nd5+ Kb7 49. Nxb6 Rxa7 50. Rcxc6 Ra1 51. Rcf6 h3 52. Nd5 f3 53. Rf7+ 1-0


[Site "https://www.chess.com"]

[Event "Titled Tuesday Blitz May 25 2021"]
[White "Przybylski, Wojciech"]
[Black "Orlov, Oleg"]
[WhiteFideId "1117599"]
[BlackFideId "4166612"]
[WhiteElo "2317"]
[BlackElo "2395"]
[Result "0-1"]
[Round "10"]
[TimeControl "180+1"]
[Date "2021.05.25"]
[WhiteClock "0:00:05"]
[BlackClock "0:00:26"]

1. e4 c5 2. Nf3 e6 3. c4 Nc6 4. Nc3 g5 5. d3 g4 6. Nd2 h5 7. Be2 Bg7 8. Nf1 Nge7 9. h3 f5 10. exf5 exf5 11. Bg5 Qa5 12. Qd2 d6 13. O-O-O Be6 14. Kb1 O-O-O 15. Nd5 Qxd2 16. Rxd2 Rde8 17. Nf4 Bf7 18. Ne3 Nd4 19. Bd1 Nec6 20. Ba4 a6 21. Nfd5 b5 22. Bd1 Kb7 23. a3 Bg6 24. Ka2 Ref8 25. Ne7 Be8 26. N3d5 Ne5 27. hxg4 fxg4 28. Be3 bxc4 29. dxc4 Nxc4 30. Rd3 Bf7 31. Bb3 Nxe3 32. fxe3 Nc6 33. Nf5 Be5 34. Nh4 Na5 35. e4 c4 36. Bxc4 Nxc4 37. Rb3+ Ka7 38. Rc1 Bxd5 39. exd5 Rc8 40. Ng6 Rhe8 41. Rb4 Nb6 42. Rxc8 Rxc8 43. Ne7 Rc2 44. Nc6+ Kb7 45. Na5+ Kc7 46. Nc6 Nxd5 47. Rb3 Kxc6 48. a4 Nc3+ 49. Ka3 Nb1+ 50. Kb4 Bd4 51. Rd3 Bc5+ 52. Kb3 Rxg2 53. a5 Nd2+ 54. Ka2 Ne4 55. Rd1 Nc3+ 56. Kb3 Nxd1 57. Ka4 Nxb2+ 58. Kb3 h4 59. Ka2 h3 60. Kb3 h2 61. Ka2 h1=Q 62. Kb3 Qd1+ 63. Ka2 Na4# 0-1


[Site "https://www.chess.com"]

[Event "Titled Tuesday Blitz May 25 2021"]
[White "Reprintsev, Alexander"]
[Black "Bodnaruk, Anastasia"]
[WhiteFideId "14100541"]
[BlackFideId "4181751"]
[WhiteElo "2177"]
[BlackElo "2393"]
[Result "0-1"]
[Round "10"]
[TimeControl "180+1"]
[Date "2021.05.25"]
[WhiteClock "0:00:06"]
[BlackClock "0:01:14"]

1. e4 c5 2. b3 Nf6 3. e5 Nd5 4. Bb2 g6 5. Nc3 Nb4 6. a3 N4c6 7. f4 Bg7 8. Nf3 O-O 9. Qe2 d6 10. O-O-O Bg4 11. h3 Bxf3 12. Qxf3 dxe5 13. fxe5 Nxe5 14. Qxb7 Nbc6 15. Bb5 Rb8 16. Bxc6 Rxb7 17. Bxb7 c4 18. b4 a5 19. b5 Qc7 20. Ba6 Rd8 21. Rhe1 Qc5 22. Ne4 Qb6 23. a4 Nd7 24. Bxg7 Kxg7 25. d4 cxd3 26. Rxd3 Nb8 27. Rxd8 Qxd8 28. Rd1 Qb6 29. Nc3 Nxa6 30. bxa6 Qxa6 31. Rd5 Qf1+ 32. Kb2 Qxg2 33. Rxa5 Qxh3 0-1


[Site "https://www.chess.com"]

[Event "Titled Tuesday Blitz May 25 2021"]
[White "Romanchuk, Viktor"]
[Black "Hess, Robert"]
[WhiteFideId "14109271"]
[BlackFideId "2022036"]
[WhiteElo "2242"]
[BlackElo "2557"]
[Result "0-1"]
[Round "10"]
[TimeControl "180+1"]
[Date "2021.05.25"]
[WhiteClock "0:00:02"]
[BlackClock "0:00:02"]

1. d4 g6 2. c4 Bg7 3. Nf3 c5 4. dxc5 Na6 5. g3 Nxc5 6. Bg2 Nf6 7. O-O O-O 8. Nc3 d6 9. Nd4 Rb8 10. b3 a6 11. Bb2 e5 12. Nc2 b5 13. Ne3 Be6 14. cxb5 axb5 15. b4 Na6 16. a3 Nc7 17. Ncd5 Ncxd5 18. Nxd5 Nxd5 19. Bxd5 Qb6 20. Qd2 Bxd5 21. Qxd5 Rfc8 22. Rac1 Bh6 23. e3 Bf8 24. Rfd1 Rxc1 25. Rxc1 Qb7 26. Qxb7 Rxb7 27. e4 f6 28. Kf1 Kf7 29. Ke2 Ke6 30. f4 Bh6 31. Kf3 f5 32. Re1 exf4 33. gxf4 fxe4+ 34. Rxe4+ Kd7 35. Re2 Rc7 36. Bf6 Rc4 37. Re4 d5 38. Rxc4 dxc4 39. Bc3 Ke6 40. Ke4 Bf8 41. Be5 Be7 42. h3 Bh4 43. Bc3 Bg3 44. Bd2 Bf2 45. Bc3 Bb6 46. Be5 Bd8 47. Bc3 Bf6 48. Bxf6 Kxf6 49. Kd4 Kf5 50. a4 bxa4 51. Kxc4 Kxf4 52. b5 Ke5 53. Kc5 a3 54. b6 a2 55. b7 a1=Q 56. b8=Q+ Kf5 57. Qf8+ Qf6 58. Qh6 Qe7+ 59. Kc4 Qe4+ 60. Kc5 Qc2+ 61. Kd6 Qd1+ 62. Ke7 Qh5 0-1


[Site "https://www.chess.com"]

[Event "Titled Tuesday Blitz May 25 2021"]
[White "Ronka, Erik"]
[Black "Samadov, Read"]
[WhiteFideId "505080"]
[BlackFideId "13417444"]
[WhiteElo "2264"]
[BlackElo "2084"]
[Result "0-1"]
[Round "10"]
[TimeControl "180+1"]
[Date "2021.05.25"]
[WhiteClock "0:00:07"]
[BlackClock "0:00:33"]

1. d4 Nf6 2. c4 e6 3. Nc3 c5 4. d5 exd5 5. cxd5 d6 6. e4 g6 7. f3 Bg7 8. Bg5 O-O 9. Qd2 h6 10. Be3 Re8 11. Nge2 a6 12. a4 Nbd7 13. Ng3 h5 14. Be2 h4 15. Nf1 h3 16. g4 Ne5 17. Ng3 Nfxg4 18. fxg4 Nxg4 19. Bxg4 Bxg4 20. O-O Qd7 21. Rae1 b5 22. axb5 axb5 23. Nd1 Bxd1 24. Rxd1 Ra2 25. Rb1 b4 26. Qf2 b3 27. Qe2 Rea8 28. e5 Bxe5 29. Ne4 f5 30. Ng5 R8a4 31. Nxh3 Rg4+ 32. Kh1 Qh7 33. Qf3 Qh4 34. Bf2 Qh5 35. Rg1 Rxg1+ 36. Rxg1 Qxf3+ 0-1


[Site "https://www.chess.com"]

[Event "Titled Tuesday Blitz May 25 2021"]
[White "Rozen, Eytan"]
[Black "Janaszak, Dawid"]
[WhiteFideId "2816750"]
[BlackFideId "1119206"]
[WhiteElo "1963"]
[BlackElo "2332"]
[Result "1-0"]
[Round "10"]
[TimeControl "180+1"]
[Date "2021.05.25"]
[WhiteClock "0:00:02"]
[BlackClock "0:00:01"]

1. e4 c6 2. Nf3 d5 3. d4 dxe4 4. Ng5 Nf6 5. Bc4 e6 6. Nc3 Nbd7 7. O-O Nb6 8. Bb3 Be7 9. Ngxe4 O-O 10. Qf3 Nbd5 11. Nxd5 exd5 12. Nxf6+ Bxf6 13. c3 Qd7 14. h3 Qf5 15. Bf4 g5 16. Bd6 Qxf3 17. gxf3 Rd8 18. Bc7 Re8 19. Kg2 Bf5 20. Rfe1 Kg7 21. f4 h6 22. Be5 gxf4 23. Bxf4 Re4 24. Rxe4 Bxe4+ 25. f3 Bf5 26. Re1 Kh7 27. Be5 Rg8+ 28. Kh2 Bh4 29. Re2 Re8 30. Bd1 Re6 31. Bg3 Bg5 32. f4 Bd8 33. Re5 Be4 34. Bg4 Rxe5 35. fxe5 f5 36. exf6 Bxf6 37. Bb8 b6 38. Bxa7 Bd8 39. Bd7 Bc7+ 40. Kg1 Bb1 41. a3 Be4 42. Bxc6 Bf4 43. c4 Be3+ 44. Kh2 Bf4+ 45. Kg1 Be3+ 46. Kf1 Bd3+ 47. Ke1 dxc4 48. Bxb6 Bc1 49. a4 Bxb2 50. Bb5 Bc2 51. Bxc4 Bxa4 52. Kd2 Ba3 53. Ke3 Bc1+ 54. Ke4 Bc6+ 55. Bd5 Bd7 56. h4 Kg6 57. Bd8 Bf5+ 58. Ke5 Be3 59. Be4 Bxe4 60. Kxe4 Bd2 61. Ke5 Kf7 62. Kf5 Ke8 63. Bf6 1-0


[Site "https://www.chess.com"]

[Event "Titled Tuesday Blitz May 25 2021"]
[White "Rozhkov, Viacheslav"]
[Black "Gevorgyan, Maria"]
[WhiteFideId "4181484"]
[BlackFideId "13300270"]
[WhiteElo "2324"]
[BlackElo "2210"]
[Result "0-1"]
[Round "10"]
[TimeControl "180+1"]
[Date "2021.05.25"]
[WhiteClock "0:00:16"]
[BlackClock "0:00:24"]

1. e4 c5 2. Nf3 Nc6 3. d4 cxd4 4. Nxd4 g6 5. Nc3 Bg7 6. Be3 Nf6 7. Nxc6 bxc6 8. e5 Ng8 9. f4 Nh6 10. Qf3 Qa5 11. O-O-O Rb8 12. Bc4 Nf5 13. Bf2 d5 14. Bb3 h5 15. Nxd5 cxd5 16. Rxd5 Qa6 17. Qd3 O-O 18. Qxa6 Bxa6 19. Bxa7 Ra8 20. Bc5 Bb7 21. Rd2 Bh6 22. Rf1 Rfc8 23. Bg1 Ba6 24. Rf3 Bb7 25. Rf1 h4 26. Kb1 Rd8 27. Rdf2 Ne3 28. Rc1 Nxg2 29. Rcf1 Nxf4 30. a4 Nh3 31. Rxf7 Nxg1 32. Rxg1 Bd5 33. Rxe7 Bxb3 34. cxb3 Ra6 35. Ka2 Bf8 36. Rb7 Rd5 37. Rg5 Bh6 38. Rg4 Rxe5 39. Rxh4 Bg7 40. Rh7 Kxh7 0-1


[Site "https://www.chess.com"]

[Event "Titled Tuesday Blitz May 25 2021"]
[White "Rustemov, Alexander"]
[Black "Visakh N R"]
[WhiteFideId "4119002"]
[BlackFideId "25012223"]
[WhiteElo "2723"]
[BlackElo "2428"]
[Result "0-1"]
[Round "10"]
[TimeControl "180+1"]
[Date "2021.05.25"]
[WhiteClock "0:00:55"]
[BlackClock "0:00:15"]

1. d4 Nf6 2. c4 g6 3. Nf3 Bg7 4. g3 O-O 5. Bg2 c6 6. b3 d5 7. Bb2 Ne4 8. O-O Nd7 9. Nc3 Nxc3 10. Bxc3 Nf6 11. e3 Ne4 12. Bb2 a5 13. Ne5 a4 14. Qc2 a3 15. Bc3 Bf5 16. g4 Nxc3 17. Qxc3 Be6 18. h3 Bxe5 19. dxe5 dxc4 20. bxc4 Qa5 21. Rac1 Qxc3 22. Rxc3 Rfd8 23. f4 Ra4 24. Rb1 Rxc4 25. Rxa3 Rd2 26. Bf1 Rcc2 27. Ra8+ Kg7 28. a4 h5 29. gxh5 gxh5 30. a5 Bd5 31. Ra7 Rh2 0-1


[Site "https://www.chess.com"]

[Event "Titled Tuesday Blitz May 25 2021"]
[White "Sarana, Alexey"]
[Black "Dobrov, Vladimir"]
[WhiteFideId "24133795"]
[BlackFideId "4136594"]
[WhiteElo "2629"]
[BlackElo "2614"]
[Result "1/2-1/2"]
[Round "10"]
[TimeControl "180+1"]
[Date "2021.05.25"]
[WhiteClock "0:00:07"]
[BlackClock "0:00:10"]

1. d4 Nf6 2. c4 e6 3. Nf3 d5 4. Nc3 c6 5. g3 dxc4 6. Bg2 Nbd7 7. O-O b5 8. e4 Bb7 9. e5 Nd5 10. Ng5 Nxc3 11. bxc3 Nb6 12. Qh5 Qd7 13. Ne4 a5 14. Bg5 a4 15. f4 Nd5 16. Rae1 g6 17. Qh4 h6 18. Nf6+ Nxf6 19. Bxf6 Be7 20. g4 Bxf6 21. Qxf6 Rg8 22. Qh4 Qe7 23. Qxh6 O-O-O 24. Qg5 Qa3 25. Re3 Rxd4 26. f5 Rd7 27. fxe6 fxe6 28. Qf6 Qe7 29. g5 c5 30. Bh3 Bd5 31. Rb1 b4 32. cxb4 cxb4 33. Qxe7 Rxe7 34. Rxb4 Rb7 35. Rxa4 Rb1+ 36. Kf2 Rf8+ 37. Ke2 Rb2+ 38. Ke1 Rff2 39. Bg4 Rxh2 40. Re2 c3 41. Rxh2 Rxh2 42. Kd1 Rg2 43. Kc1 Kc7 44. Bd1 Rxg5 45. Ra3 Rxe5 46. Rxc3+ Kb6 47. Rg3 g5 48. Kd2 Rf5 49. a3 Kc5 50. Rc3+ Kd4 51. Rd3+ Kc5 52. Rg3 e5 53. Ke3 e4 54. Bg4 Rf4 55. Be2 Rf5 56. Rg1 Kd6 57. a4 Bc6 58. Rd1+ Kc7 59. Rc1 Kb7 60. Rb1+ Ka7 61. Bb5 Bb7 62. Rg1 Rf3+ 63. Kd4 Rf5 64. Bc4 Kb6 65. Rb1+ Ka7 66. Be6 Ra5 67. Bb3 g4 68. Rg1 Rg5 69. Ke3 Kb6 70. Kf4 Rg7 71. Rxg4 Rxg4+ 72. Kxg4 Kc5 73. Kf4 Kb4 74. Bc2 Ka5 75. Bxe4 Bxe4 76. Kxe4 Kxa4 1/2-1/2


[Site "https://www.chess.com"]

[Event "Titled Tuesday Blitz May 25 2021"]
[White "Savitski, Andrei"]
[Black "Iskusnyh, Sergei"]
[WhiteFideId "13506161"]
[BlackFideId "4120027"]
[WhiteElo "2121"]
[BlackElo "2492"]
[Result "0-1"]
[Round "10"]
[TimeControl "180+1"]
[Date "2021.05.25"]
[WhiteClock "0:00:10"]
[BlackClock "0:01:03"]

1. e4 e6 2. d4 d5 3. Nd2 c5 4. exd5 exd5 5. Bb5+ Nc6 6. Qe2+ Be7 7. Ngf3 Nf6 8. dxc5 O-O 9. O-O Bxc5 10. Nb3 Bb6 11. Bg5 h6 12. Bh4 Bg4 13. c3 a6 14. Bxc6 bxc6 15. h3 Bh5 16. Qd3 Qd6 17. Nbd4 Ne4 18. Nf5 Qd7 19. Ng3 Bxf3 20. Qxf3 Nd2 21. Qf4 Nxf1 22. Nf5 Kh7 23. Rxf1 Qe6 24. Kh1 Rae8 25. Qf3 Qe4 26. Qh5 Qe2 27. Ng3 Qxh5 28. Nxh5 Re2 29. Rb1 Rfe8 30. Nf4 Re1+ 31. Rxe1 Rxe1+ 32. Kh2 0-1


[Site "https://www.chess.com"]

[Event "Titled Tuesday Blitz May 25 2021"]
[White "Sawlin, Leonid"]
[Black "Demin, Vladimir"]
[WhiteFideId "4689542"]
[BlackFideId "4167457"]
[WhiteElo "2412"]
[BlackElo "2576"]
[Result "0-1"]
[Round "10"]
[TimeControl "180+1"]
[Date "2021.05.25"]
[WhiteClock "0:01:04"]
[BlackClock "0:00:13"]

1. e4 e5 2. Nf3 Nc6 3. Bc4 Nf6 4. d3 h6 5. O-O d6 6. a4 g5 7. Re1 Bg7 8. d4 O-O 9. dxe5 Nxe5 10. Nxe5 dxe5 11. Qxd8 Rxd8 12. Nc3 c6 13. a5 Be6 14. Bxe6 fxe6 15. Be3 Kf7 16. Red1 a6 17. Bb6 Rd7 18. Na4 Bf8 19. f3 Ke8 20. Kf2 Rxd1 21. Rxd1 Nd7 22. c3 Nxb6 23. Nxb6 Bc5+ 24. Ke2 Bxb6 25. axb6 Ke7 26. b4 a5 27. Ra1 a4 28. c4 a3 29. Kd3 a2 30. Kc3 c5 31. bxc5 Kd7 32. Kb3 Kc6 33. Rxa2 Rxa2 34. Kxa2 Kxc5 35. Kb3 Kxb6 36. Kb4 Kc6 37. c5 h5 38. g3 h4 39. gxh4 gxh4 40. Kc4 h3 41. Kb4 b5 42. cxb6 Kxb6 43. Kc4 Kc6 44. Kb4 Kb6 45. Kc4 Kc6 46. Kd3 Kc5 47. Ke3 Kc4 48. f4 exf4+ 49. Kxf4 Kd4 50. Kg3 Kxe4 51. Kxh3 Kf3 52. Kh4 e5 53. Kg5 e4 54. h4 e3 55. h5 e2 56. h6 e1=Q 57. Kg6 Qg1+ 58. Kf7 Qh2 59. Kg7 Qg3+ 60. Kh8 Qf4 61. h7 Qf8# 0-1


[Site "https://www.chess.com"]

[Event "Titled Tuesday Blitz May 25 2021"]
[White "Shapkin, Anatoliy"]
[Black "Le, Tuan Minh"]
[WhiteFideId "34108332"]
[BlackFideId "12401153"]
[WhiteElo "2223"]
[BlackElo "2450"]
[Result "1-0"]
[Round "10"]
[TimeControl "180+1"]
[Date "2021.05.25"]
[WhiteClock "0:00:16"]
[BlackClock "0:00:07"]

1. d4 d5 2. c4 c6 3. cxd5 cxd5 4. Nc3 Nf6 5. Nf3 Nc6 6. Bf4 a6 7. e3 Bg4 8. h3 Bxf3 9. Qxf3 e6 10. Bd3 Bd6 11. Bg5 Rc8 12. O-O Be7 13. Rac1 Nd7 14. Bf4 O-O 15. a3 Na5 16. Rc2 Nc4 17. Rfc1 b5 18. a4 Qa5 19. axb5 axb5 20. Nxd5 exd5 21. Qxd5 Nf6 22. Qb7 Qd8 23. Qxb5 Nd6 24. Rxc8 Nxc8 25. g4 h6 26. Qc6 Qd7 27. Bf5 Qxc6 28. Rxc6 Na7 29. Rc7 Nc8 30. Rxc8 Bd8 31. Rc1 Nd5 32. Bd6 Be7 33. Bxe7 Nxe7 34. Be4 Rb8 35. Rb1 Rb4 36. b3 Nc8 37. Bc2 g6 38. Ra1 Nd6 39. Ra4 Rb8 40. Kg2 Rc8 41. Bd3 Rc3 42. Bc4 Rc2 43. Kf3 Kg7 44. Ra6 Nxc4 45. bxc4 Rxc4 46. h4 Rc2 47. Ra5 Rd2 48. g5 h5 49. Kg3 Rd3 50. Rd5 Kf8 51. Re5 Rd1 52. f3 Rg1+ 53. Kf2 Rh1 54. Re4 Rd1 55. Ke2 Ra1 56. d5 Ra5 57. d6 Ra2+ 58. Kd3 Ra1 59. Kc4 Ra4+ 60. Kd5 Ra5+ 61. Kc6 Ra6+ 62. Kc7 Ra7+ 63. Kb6 1-0


[Site "https://www.chess.com"]